 Dungeon Crawl Stone Soup version 0.28.0-53-g5a82cb258f (webtiles) character file.

Game seed: 7116526088692861081

26 LustLizard the Firebug (level 3, 0/27 HPs)
             Began as a Hill Orc Fire Elementalist on July 12, 2022.
             Succumbed to a goblin's poison
             ... on level 1 of the Dungeon.
             The game lasted 00:02:18 (994 turns).

LustLizard the Firebug (Hill Orc Fire Elementalist)  Turns: 994, Time: 00:02:19

Health: 0/27       AC:  3    Str:  7 (10) XL:     3   Next: 8%
Magic:  4/5        EV: 11    Int: 15 (17) God:
Gold:   49         SH:  0    Dex:  9 (11) Spells: 4/5 levels left

rFire   . . .      SeeInvis .   g - +0 dagger
rCold   . . .      Faith    .   (no shield)
rNeg    . . .      Spirit   .   a - +0 robe
rPois   .          Reflect  .   (no helmet)
rElec   .          Harm     .   b - +0 cloak
rCorr   .          Rampage  .   (no gloves)
Will    .....                   (no boots)
Stlth   ++........              (no amulet)
HPRegen 0.09/turn               (no ring)
MPRegen 0.09/turn               (no ring)

@: lethally poisoned (0 -> -3)
A: no striking features
a: no special abilities


You were on level 1 of the Dungeon.
You visited 1 branch of the dungeon, and saw 2 of its levels.

You collected 49 gold pieces.

Inventory:

Hand Weapons
 f - a +0 club
 g - a +0 dagger (weapon)
Missiles
 c - 22 stones
Armour
 a - a +0 robe (worn)
 b - a +0 cloak (worn)
Scrolls
 i - a scroll of identify {unknown}


   Skills:
 + Level 0.8 Fighting
 - Level 1.5 Dodging
 + Level 1.8 Stealth
 + Level 1.7 Spellcasting
 * Level 1.7 Conjurations
 * Level 3.7 Fire Magic


You had 4 spell levels left.
You knew the following spells:

 Your Spells              Type           Power      Damage    Failure   Level
a - Foxfire               Conj/Fire      36%        2x1d5     8%          1

Your spell library contained the following spells:

 Spells                   Type           Power      Damage    Failure   Level
 Scorch                   Fire           24%        2d6       8%          2
 Conjure Flame            Conj/Fire      9%         6-21      22%         3
 Inner Flame              Hex/Fire       6%         N/A       32%         3
 Flame Wave               Conj/Fire      9%         2d5       58%         4


Dungeon Overview and Level Annotations

Branches:
Dungeon (2/15)

Altars:

Annotations:
D:2 Terence


Message History

The goblin hits you with a +2 dagger of venom.
You are more poisoned.
You feel very sick.
The foxfire hits the goblin.
The goblin is heavily wounded.
The foxfire hits the rat.
You kill the rat!
The goblin hits you but does no damage.
You are lethally poisoned!
You climb upwards.
You feel extremely sick.
There is a stone staircase leading down here.
Casting: Foxfire (safe; 6% risk of failure)
Confirm with . or Enter, or press ? or * to list all spells.
You conjure some foxfire!
* * * LOW HITPOINT WARNING * * *
You feel very sick. The goblin hits you but does no damage.
You are more poisoned.
It was a potion of curing.
You feel better.
The goblin hits you with a +2 dagger of venom.
You are poisoned.
Your foxfire dissipates!
You feel very sick.
You miss the goblin.
The goblin is heavily wounded.
You feel very sick.
The goblin hits you with a +2 dagger of venom.
* * * LOW HITPOINT WARNING * * *
* * * LOW HITPOINT WARNING * * *
You feel sick.
It was a potion of cancellation.
You feel magically purged.
* * * LOW HITPOINT WARNING * * *
You feel sick. The goblin closely misses you.
It was a potion of degeneration.
There was something very wrong with that liquid.
You feel weakened.
You feel dopey.
You feel clumsy.
* * * LOW HITPOINT WARNING * * *
You feel sick. The goblin barely misses you.
You die...

####### ##############
#.....# .............#
#.....#
############.#######.....#
..............>g@........#
.##.###.####.#######.....#
.#......####.#.....#.#####
.##.##.....#.#.###.#.#
.##.##.###.#.#.# #.#.#
.#.....# #.#.#.###.#.#
##.....###.#.#.....#.#
#.........#.####..#.#
#....######.####..#.#


You could see a goblin.

Vanquished Creatures
  An adder (D:1)
  A bat (D:1)
  4 endoplasms (D:1)
  3 goblins (D:1)
  A hobgoblin (D:1)
  2 quokkas (D:1)
  A ball python (D:1)
  2 rats
15 creatures vanquished.

Vanquished Creatures (others)
  45 foxfires
  2 toadstools (D:2)
47 creatures vanquished.

Grand Total: 62 creatures vanquished

Notes
Turn   | Place    | Note
-------+----------+-------------------------------------------
     0 | D:1      | LustLizard the Hill Orc Fire Elementalist began the quest
                  | for the Orb.
     0 | D:1      | Reached XP level 1. HP: 14/14 MP: 3/3
   328 | D:1      | Reached XP level 2. HP: 20/20 MP: 2/4
   868 | D:2      | Noticed Terence
   927 | D:1      | Reached XP level 3. HP: 22/27 MP: 2/5
   993 | D:1      | HP: 1/27 [poisoned by a goblin]
   994 | D:1      | Succumbed to a goblin's poison

Illustrated notes

Levels and vault maps discovered:
D:1:      eino_arrival_druids_welcome, layout_basic
D:2:      layout_basic, minivault_14, minmay_gold_behind_fungi, uniq_terence

Action                   || total
-------------------------++-------
Melee: Unarmed           ||    25
       Dagger            ||     3
 Cast: Foxfire           ||    29
  Use: Potion            ||     3
Armor: Robe              ||    20
Dodge: Dodged            ||    36
